 Dungeon Crawl Stone Soup version 0.31.0-12-g77e489cdc1 (webtiles) character file.

Game seed: 5472480034008537641

20 NotaViper the Cutter (level 3, -4/24 HPs)
             Began as a Kobold Berserker on Feb 27, 2024.
             Was a Follower of Trog.
             Slain by Sigmund
             ... wielding a +2 scythe of protection
              (8 damage)
             ... on level 2 of the Dungeon.
             The game lasted 00:02:52 (875 turns).

NotaViper the Cutter (Kobold Berserker)              Turns: 875, Time: 00:02:53

Health: -4/24      AC:  2    Str: 16    XL:     3   Next: 0%
Magic:  3/3        EV: 14    Int:  8    God:    Trog [*.....]
Gold:   80         SH:  0    Dex: 14    Spells: 2/2 levels left

rFire   . . .        a - +0 short sword
rCold   . . .        (no shield)
rNeg    . . .        b - +0 animal skin
rPois   .            (no helmet)
rElec   .            (no cloak)
rCorr   .            (no gloves)
SInv    .            (no boots)
Will    .....        (no amulet)
Stlth   +++          (no ring)
HPRegen 0.24/turn    (no ring)
MPRegen 0.08/turn

%: no passive effects
@: no status effects
A: small, no large weapons, nightstalker 3
a: Renounce Religion, Berserk


You were on level 2 of the Dungeon.
You worshipped Trog.
Trog was aware of your devotion.
You visited 1 branch of the dungeon, and saw 2 of its levels.

You collected 80 gold pieces.

Inventory:

Hand Weapons
 a - a +0 short sword (weapon)
 f - a +0 spear
 h - a +0 falchion
 j - a +0 mace
 m - a +0 dagger
Missiles
 k - 5 poisoned darts (quivered)
 o - 7 stones
Armour
 b - a +0 animal skin (worn)
Wands
 n - a wand of paralysis (7)
Scrolls
 d - a scroll of noise {unknown}
 e - a scroll of identify {unknown}
 l - 2 scrolls of blinking {unknown}
Potions
 c - a potion of invisibility {unknown}
 g - 2 potions of lignification {unknown}
 i - a potion of heal wounds {unknown}


   Skills:
 + Level 3.7 Fighting
 + Level 4.3 Short Blades
 + Level 1.6 Armour
 + Level 2.5 Dodging
 + Level 1.6 Stealth


You had 2 spell levels left.
You didn't know any spells.
Your spell library was empty.

Dungeon Overview and Level Annotations

Branches:
Dungeon (2/15)

Altars:

Annotations:
D:2 Sigmund


Innate Abilities, Weirdness & Mutations

You are small and have problems with some larger weapons.
You are completely attuned to the shadows.


Message History

You closely miss Sigmund.
Sigmund is heavily wounded.
Sigmund misses you.
You hit Sigmund but do no damage.
Sigmund is heavily wounded.
You barely miss Sigmund.
Sigmund is heavily wounded.
Sigmund misses you.
You barely miss Sigmund.
Sigmund is heavily wounded.
You hit Sigmund.
Sigmund is severely wounded.
Sigmund barely misses you.
You hit Sigmund but do no damage.
Sigmund is severely wounded.
You hit Sigmund.
Sigmund is severely wounded.
Sigmund hits you with a +2 scythe of protection!
You hit Sigmund but do no damage.
Sigmund is severely wounded.
You closely miss Sigmund.
Sigmund is severely wounded.
Sigmund barely misses you.
You closely miss Sigmund.
Sigmund is severely wounded.
You hit Sigmund.
Sigmund is severely wounded.
Sigmund hits you with a +2 scythe of protection!
* * * LOW HITPOINT WARNING * * *
You barely miss Sigmund.
Sigmund is severely wounded.
Sigmund closely misses you.
You hit Sigmund but do no damage.
Sigmund is severely wounded.
You hit Sigmund but do no damage.
Sigmund is severely wounded.
Sigmund laughs darkly.
Sigmund hits you with a +2 scythe of protection!
You die...
Sigmund begins carving another notch in his scythe.

#.# #.# #.#
#.# ##.###
#.#
.....####.##
...>.##....#
...@.##.#..#
....@##....#
......!>##.#
##[.....##.#
#.####.##.#
#. #.##.#
#.##.# #.#


You could see Sigmund.

Vanquished Creatures
  A dart slug (D:1)
  A ribbon worm (D:2)
  A ball python (D:1)
  A bat (D:2)
  A giant cockroach (D:1)
  2 goblins
  4 jackals (D:1)
  2 kobolds
  A rat (D:1)
14 creatures vanquished.

Notes
Turn   | Place    | Note
-------+----------+-------------------------------------------
     0 | D:1      | NotaViper the Kobold Berserker began the quest for the Orb.
     0 | D:1      | Reached XP level 1. HP: 14/14 MP: 1/1
   192 | D:1      | Reached XP level 2. HP: 19/19 MP: 2/2
   245 | D:1      | Reached skill level 1 in Stealth
   785 | D:2      | Reached XP level 3. HP: 19/24 MP: 3/3
   842 | D:2      | Noticed Sigmund
   875 | D:2      | Slain by Sigmund

Illustrated notes

Levels and vault maps discovered:
D:1:      dpeg_arrival_fog, layout_loops_ring
D:2:      layout_basic, uniq_sigmund, uniq_natasha

Skill      XL: |  1  2 |
---------------+-------+-----
Stealth        | 1 |  1.6
Fighting       | |  3.7
Short Blades   | |  4.3
Armour         | |  1.6
Dodging        | |  2.5

Action                     || total
---------------------------++-------
  Melee: Short sword       ||    66
         Punch             ||     2
   Stab: Sleeping          ||     8
 Armour: Animal skin       ||    14
  Dodge: Dodged            ||    34
